 Dungeon Crawl Stone Soup version 0.25-a0-161-gb7fd73d (webtiles) character file.

Game seed: 10976794049661660204, levelgen mode: deterministic

79 Blackhawk the Ducker (level 4, 34/34 HPs)
             Began as a Demonspawn Gladiator on Nov 21, 2019.
             Was an Initiate of Trog.
             Quit the game on level 2 of the Dungeon.
             The game lasted 00:02:35 (1916 turns).

Blackhawk the Ducker (Demonspawn Gladiator)         Turns: 1916, Time: 00:02:36

Health: 34/34      AC:  9    Str: 16    XL:     4   Next: 16%
Magic:  4/4        EV:  7    Int:  9    God:    Trog [......]
Gold:   89         SH:  0    Dex: 14    Spells: 3/3 levels left

rFire    . . .     SeeInvis .   s - +0 hand axe (curse)
rCold    . . .     Gourm    .   (no shield)
rNeg     . . .     Faith    .   j - +0 chain mail (curse)
rPois    .         Spirit   .   c - +0 helmet
rElec    .         Reflect  .   (no cloak)
rCorr    .         Harm     .   (no gloves)
MR       .....                  (no boots)
Stlth    ..........             (no amulet)
HPRegen  0.11/turn              (no ring)
MPRegen  0.09/turn              (no ring)

@: no status effects
A: powered by death 1
a: Renounce Religion


You were on level 2 of the Dungeon.
You worshipped Trog.
Trog was noncommittal.
You were not hungry.

You visited 1 branch of the dungeon, and saw 2 of its levels.

You collected 89 gold pieces.

Inventory:

Hand Weapons
 a - a +0 war axe
 s - a cursed +0 hand axe (weapon)
Missiles
 d - 3 throwing nets (quivered)
Armour
 b - a +0 leather armour
 c - a +0 helmet (worn)
 j - a cursed +0 chain mail (worn)
Scrolls
 h - a scroll of immolation {unknown}
 i - 3 scrolls of identify {unknown}
 k - a scroll of fog {unknown}
 o - a scroll of enchant weapon {unknown}
 r - 3 scrolls of teleportation {unknown}
Potions
 e - a potion of lignification {unknown}
 g - 2 potions of brilliance {unknown}
 l - 3 potions of flight {unknown}
 m - a potion of heal wounds {unknown}
 n - a potion of curing {unknown}
 p - a potion of resistance {unknown}
Comestibles
 f - 3 rations


   Skills:
 + Level 2.8 Fighting
 + Level 3.2 Axes
 + Level 2.5 Throwing
 + Level 3.2 Dodging


You had 3 spell levels left.
You didn't know any spells.
Your spell library was empty.

Dungeon Overview and Level Annotations

Branches:
Dungeon (2/15)

Altars:
Trog


Innate Abilities, Weirdness & Mutations

You regenerate a little health from kills.


Message History

You hit the worm.
You kill the worm!
You see here a rat corpse.
You butcher the rat corpse.
q - a chunk of flesh You see here a rat skeleton.
There is a bloodstained altar of Trog here.
You kneel at the altar of Trog.
Trog welcomes you!
Eating a chunk of flesh.
You eat the chunk of flesh.
This raw flesh tastes terrible.
Key pressed, stopping explore.
Key pressed, stopping explore.
You see here a rat skeleton.
Key pressed, stopping explore.
Found 17 arrows.
The moth of wrath's fur bristles in rage as it notices you.
You now have 89 gold pieces (gained 8).
Found a stone staircase leading down.
Are you sure you want to abandon this character and quit the game? (Confirm with "yes".)

#. # #.
#>.. .#.
.. .## #
#.# #.
#@# #.#
##.#
#.###.##
#...##
#.......
#.###
#.......#
#.#
#....(..#
#.#
#...^...
#.#
#.....#
#.#
#.....#


There were no monsters in sight!

Vanquished Creatures
  2 adders (D:2)
  3 worms (D:2)
  5 dart slugs
  4 giant cockroaches (D:1)
  5 hobgoblins
  A quokka (D:2)
  6 bats
  3 frilled lizards (D:1)
  4 goblins
  3 kobolds (D:1)
  6 rats
42 creatures vanquished.

Notes
Turn   | Place    | Note
-------+----------+-------------------------------------------
     0 | D:1      | Blackhawk the Demonspawn Gladiator began the quest for the
                  | Orb.
     0 | D:1      | Reached XP level 1. HP: 16/16 MP: 1/1
   106 | D:1      | Gained mutation: You regenerate a little health from kills.
                  | [demonic ancestry]
   106 | D:1      | Reached XP level 2. HP: 9/22 MP: 2/2
   534 | D:1      | Reached XP level 3. HP: 26/28 MP: 3/3
  1358 | D:2      | Reached XP level 4. HP: 12/34 MP: 4/4
  1568 | D:2      | Noticed a moth of wrath
  1571 | D:2      | Found a bloodstained altar of Trog.
  1681 | D:2      | Became a worshipper of Trog the Wrathful
  1916 | D:2      | Quit the game

Levels and vault maps discovered:
D:1:      nzn_arrival_depleted_hourglass, layout_basic, minmay_unequal
D:2:      layout_loops_cross, makhleb_grotto_becter, first_ration,
          chequers_ecumenical_altar_simple, tgw_trog

Skill      XL: |  1  2 |
---------------+-------+-----
Throwing       | 2 |  2.5
Dodging        | 3 |  3.2
Axes           | 3 |  3.2
Fighting       | |  2.8

Action                   |  1- 3 |  4- 6 || total
-------------------------+-------+-------++-------
Melee: War axe           |   104 |       ||   104
       Hand axe          |    20 |    19 ||    39
 Stab: Sleeping          |     2 |       ||     2
  Eat: Chunk             |     2 |     1 ||     3
Armor: Leather armour    |    27 |       ||    27
       Chain mail        |    36 |     1 ||    37
Dodge: Dodged            |    92 |     4 ||    96

Table legend:
 A = Non-vault XP
 B = Vault XP
 C = Vault XP percentage of total XP
 D = Non-vault monster count
 E = Vault monster count
 F = Vault count percentage of total count
                 A         B        C        D         E       F
            +---------+---------+-------+---------+---------+-------
      Total |      90 |      23 |  20.4 |      32 |      10 |  23.8
            +---------+---------+-------+---------+---------+-------
        D:1 |      39 |      10 |  20.4 |      21 |       5 |  19.2
        D:2 |      51 |      13 |  20.3 |      11 |       5 |  31.2
            +---------+---------+-------+---------+---------+-------
